 Dungeon Crawl Stone Soup version 0.15.0-14-g6bbbb5c (console) character file.

115 gw the Twirler (level 4, -1/38 HPs)
             Began as a Minotaur Gladiator on Sept 4, 2014.
             Slain by a jackal (2 damage)
             ... on Level 3 of the Dungeon.
             The game lasted 00:00:47 (1813 turns).

gw the Twirler (Minotaur Gladiator)                 Turns: 1813, Time: 00:00:47

HP  -1/38        AC  5     Str 20      XL: 4   Next: 68%
MP   2/2         EV 10     Int  5      God:
Gold 0           SH  0     Dex 13      Spells:  0 memorised,  3 levels left

rFire  . . .     SeeInvis .     a - +0 quarterstaff
rCold  . . .     Clarity  .     e - +0 ring mail
rNeg   . . .     rCorr    .     (no shield)
rPois  .         rRot     .     c - +0 hat
rElec  .         Spirit   .     (no cloak)
SustAb .         Warding  .     (no gloves)
rMut   .         Stasis   .     (no boots)
Gourm  .                        (no amulet)
MR     .....                    (no ring)
                                g - +2 ring of dexterity

@: lethally poisoned, not resistant to hostile enchantments, very unstealthy
A: retaliatory headbutt, horns 2
a: no special abilities


You were on level 3 of the Dungeon.
You were not hungry.

You visited 1 branch of the dungeon, and saw 3 of its levels.

Inventory:

Hand weapons
 a - a +0 quarterstaff (weapon)
Missiles
 d - 3 throwing nets
 h - 77 stones (quivered)
Armour
 c - a +0 hat (worn)
 e - a +0 ring mail (worn)
Comestibles
 f - 2 bread rations
 l - a slice of pizza
 n - a meat ration
Scrolls
 i - a scroll of identify
 j - a scroll of remove curse
Jewellery
 g - a +2 ring of dexterity (left hand)


   Skills:
 + Level 3.2 Fighting
 * Level 5.1 Staves
 + Level 2.7 Throwing
 + Level 2.2 Armour
 - Level 3.2 Dodging


You had 3 spell levels left.
You didn't know any spells.

Dungeon Overview and Level Annotations

Branches:
Dungeon (3/15)

Altars:


Innate Abilities, Weirdness & Mutations

You reflexively headbutt those who attack you in melee.
You have a pair of horns on your head.


Message History

You hit the scorpion. You headbutt the scorpion.
The scorpion is severely wounded.
You feel sick. The jackal barely misses you. The gnoll barely misses you.
The jackal barely misses you.
FLEEEEING!
ATTACK MOVE TO (-1,0)
You hit the scorpion.
The scorpion is severely wounded.
The scorpion stings you but does no damage.
The jackal bites you but does no damage.
The gnoll hits you from afar with a spear!
FLEEEEING!
ATTACK MOVE TO (-1,0)
You sock the scorpion!
You kill the scorpion!
Your Staves skill increases to level 5!
Your Armour skill increases to level 2!
You feel sick. The jackal barely misses you. You furiously retaliate!
You headbutt the jackal. The gnoll hits you but does no damage.
The jackal bites you.
You die...

.###...##
...#.....##
...........##
#..........###
#...........s
#.......# #..<..# .
##...##########.....
#(......%Hhghs.....
#.#####.####lg.....
#. ..[# ..... ..
#.### ..$. ##. #.
.?. #. # . .


You could see 2 gnolls, a giant mite, a giant gecko and 2 jackals.

Table legend:
 A = Turns spent in this place as a percentage of turns spent in the entire game.
 B = Non-inter-level travel turns spent in this place as a percentage of non-inter-level travel turns spent in the entire game.
 C = Inter-level travel turns spent in this place as a percentage of turns spent in this place.
 D = Turns resting spent in this place as a percentage of non-inter-level travel turns spent in this place.
 E = Turns spent auto-exploring this place as a percentage of non-inter-level travel turns spent in this place.
 F = Non-inter-level travel turns spent in this place divided by the number of levels of this place that you've seen.
                   A       B       C       D       E      F
               +-------+-------+-------+-------+-------+----------------------
         Total | 100.0 | 100.0 |   1.5 |   5.1 |  19.8 | 129.7
       Dungeon | 100.0 | 100.0 |   1.5 |   5.1 |  19.8 | 129.7
               +-------+-------+-------+-------+-------+----------------------

Table legend:
 A = Kills in this place as a percentage of kills in entire the game.
 B = Kills by you in this place as a percentage of kills by you in the entire game.
 C = Kills by friends in this place as a percentage of kills by friends in the entire game.
 D = Other kills in this place as a percentage of other kills in the entire game.
 E = Experience gained in this place as a percentage of experience gained in the entire game.
 F = Experience gained in this place divided by the number of levels of this place that you have seen.
                   A       B       C       D       E      F
               +-------+-------+-------+-------+-------+----------------------
         Total | 100.0 | 100.0 |  -nan |  -nan | 100.0 |  55.0
       Dungeon | 100.0 | 100.0 |  -nan |  -nan | 100.0 |  55.0
               +-------+-------+-------+-------+-------+----------------------

Vanquished Creatures
  A scorpion (D:3)
  An adder (D:2)
  2 worms (D:2)
  2 giant geckos (D:2)
  2 bats
  6 goblins
  3 hobgoblins
  8 kobolds
  A quokka (D:3)
  3 ball pythons
  3 giant newts
  9 jackals
  5 rats
46 creatures vanquished.

Notes
Turn   | Place    | Note
--------------------------------------------------------------
     0 | D:1      | gw, the Minotaur Gladiator, began the quest for the Orb.
     0 | D:1      | Reached XP level 1. HP: 18/18 MP: 1/1
     1 | D:1      | Noticed an electric eel
   597 | D:1      | Reached XP level 2. HP: 25/25 MP: 1/1
   866 | D:2      | Reached skill level 4 in Staves
  1019 | D:2      | Reached XP level 3. HP: 28/30 MP: 2/2
  1023 | D:2      | Reached skill level 1 in Armour
  1791 | D:3      | Noticed a scorpion
  1807 | D:3      | Reached XP level 4. HP: 36/38 MP: 2/2
  1812 | D:3      | HP: 1/38 [gnoll/spear (8)]
  1813 | D:3      | Killed a scorpion
  1813 | D:3      | Reached skill level 5 in Staves
  1813 | D:3      | Slain by a jackal

Action                   |  1- 3 |  4- 6 || total
-------------------------+-------+-------++-------
Melee: Quarterstaff      |    62 |     6 ||    68
Throw: Stone             |    60 |       ||    60
  Use: Scroll            |     5 |       ||     5
       Potion            |     5 |       ||     5
  Eat: Chunk             |     3 |       ||     3

Vault maps used:
D:1:      arrival_aquarium_a, minmay_misc_feat_cross
D:3:      first_bread, minmay_bat_box
